 Dungeon Crawl Stone Soup version 0.29.0-13-gc9e81de378 (webtiles) character file.

Game seed: 3638790738928975706

58 masschaos23 the Poker (level 4, -5/37 HPs)
             Began as a Human Chaos Knight on Sept 7, 2022.
             Was a Plaything of Xom.
             Slain by an ogre
             ... wielding a +0 giant club
              (15 damage)
             ... on level 4 of the Dungeon.
             The game lasted 00:12:44 (1588 turns).

masschaos23 the Poker (Human Chaos Knight)          Turns: 1588, Time: 00:12:45

Health: -5/37      AC: 12    Str: 11 (12) XL:     4   Next: 21%
Magic:  4/4        EV:  8    Int:  8 (10) God:    Xom [.....*]
Gold:   182        SH:  0    Dex: 12 (15) Spells: 3/3 levels left

rFire   . . .      SeeInvis .   a - +0 spear (chaos)
rCold   . . .      Faith    .   (no shield)
rNeg    . . .      Spirit   .   h - +4 scale mail
rPois   .          Reflect  .   (no helmet)
rElec   .          Harm     .   (no cloak)
rCorr   .          Rampage  .   (no gloves)
Will    .....                   (no boots)
Stlth   ..........              (no amulet)
HPRegen 0.12/turn               (no ring)
MPRegen 0.09/turn               (no ring)

@: no status effects
A: iridescent scales 1, dopey 1
a: Renounce Religion


You were on level 4 of the Dungeon.
You worshipped Xom.
You were Xom's teddy bear.
You visited 1 branch of the dungeon, and saw 4 of its levels.

You collected 182 gold pieces.

Inventory:

Hand Weapons
 a - a +0 spear of chaos (weapon)
 s - a +0 dagger
Missiles
 g - 18 stones
 i - 6 javelins
 p - 2 atropa-tipped darts
Armour
 b - a +2 leather armour
 h - a +4 scale mail (worn)
 m - an orb of light
Wands
 f - a wand of charming (10)
Scrolls
 d - a scroll of brand weapon {unknown}
 j - 2 scrolls of vulnerability
 k - a scroll of teleportation
 q - a scroll of blinking
Potions
 l - a potion of degeneration (quivered)
Miscellaneous
 c - a piece from Xom's chessboard (15/15)


   Skills:
 + Level 3.7 Fighting
 + Level 3.9 Polearms
 + Level 2.4 Armour
 + Level 1.0 Dodging


You had 3 spell levels left.
You didn't know any spells.
Your spell library was empty.

Dungeon Overview and Level Annotations

Branches:
Dungeon (4/15)
 Temple: D:4-7

Altars:
Xom


Innate Abilities, Weirdness & Mutations

You are partially covered in iridescent scales. (AC +2)
You are dopey. (Int -2)


Message History

a +0 hand axe; a +0 ring mail; a +0 robe
There is an escape hatch in the floor here.
You slide downwards.
The hatch slams shut behind you.
It was a potion of ambrosia.
You are confused.
You feel invigorated.
It was a potion of mutation.
You feel extremely strange.
You feel stupid.
Iridescent scales grow over part of your body.
You are confused.
You are regenerating under the effects of ambrosia.
Your movement speed is average.
Your attack delay is about 0.9.
Your base attributes are Str 12, Int 12, Dex 15.
You bump into the rock wall.
You feel less invigorated.
You feel less confused.
It was a potion of heal wounds.
You feel much better.
Unknown command.
As you read the scroll labelled KIDUTEOXKUNK, it crumbles to dust.
You hear a loud clanging noise!
It was a scroll of noise.
You hear a shout! x2
An ogre comes into view. It is wielding a +0 giant club.
The ogre shouts!
You hit the ogre. You burn the ogre.
The ogre is lightly wounded.
You hit the ogre but do no damage.
The ogre is lightly wounded.
The ogre hits you but does no damage.
You hit the ogre. You burn the ogre.
The ogre is moderately wounded.
The ogre hits you with a +0 giant club!!
Ouch! That really hurt!
You hit the ogre. You burn the ogre.
The ogre is moderately wounded.
You hit the ogre.
The ogre flickers and vanishes!
Deactivating autopickup; reactivate with Ctrl-A.
Something hits you.
* * * LOW HITPOINT WARNING * * *
Something hits you!
You die...

### #.#
#.#######
#.......#
#.#####.#
#@# #{#
#.# #.#
... ###


There were no monsters in sight!

Vanquished Creatures
  An adder (D:3)
  5 orcs (D:3)
  4 endoplasms
  A giant cockroach (D:2)
  6 hobgoblins
  4 jackals (D:2)
  4 kobolds
  4 ball pythons
  2 bats (D:3)
  2 frilled lizards
  2 goblins (D:3)
  4 rats
39 creatures vanquished.

Vanquished Creatures (others)
  A hobgoblin (D:3)
  A rat (D:3)
2 creatures vanquished.

Grand Total: 41 creatures vanquished

Notes
Turn   | Place    | Note
-------+----------+-------------------------------------------
     0 | D:1      | masschaos23 the Human Chaos Knight began the quest for the
                  | Orb.
     0 | D:1      | Reached XP level 1. HP: 18/18 MP: 1/1
    60 | D:1      | XOM: silly message
    98 | D:1      | XOM: divination: detect creatures
   123 | D:1      | Reached XP level 2. HP: 23/24 MP: 2/2
   305 | D:1      | XOM: divination: detect creatures
   518 | D:2      | XOM: divination: detect items
   541 | D:2      | XOM: scenery: create altars
   651 | D:2      | Reached XP level 3. HP: 13/29 MP: 3/3
   925 | D:3      | XOM: destruction
  1096 | D:3      | Reached XP level 4. HP: 22/37 MP: 4/4
  1100 | D:3      | XOM: 9-stop teleportation journey
  1242 | D:3      | XOM: divination: detect creatures
  1573 | D:4      | Gained mutation: You are dopey. (Int -2) [potion of
                  | mutation]
  1573 | D:4      | Gained mutation: You are partially covered in iridescent
                  | scales. (AC +2) [potion of mutation]
  1580 | D:4      | Noticed an ogre
  1588 | D:4      | Slain by an ogre

Illustrated notes

Levels and vault maps discovered:
D:1:      minmay_arrival_semitransparent, layout_basic,
          nicolae_kite_square_tiling_tiny
D:2:      layout_loops_ring, ebering_ecumenical_altar_webs
D:3:      layout_loops_ring, minmay_diced_spiral
D:4:      layout_basic, serial_shops, shop_fountains, nicolae_shop_stone,
          nicolae_shop_bloodbath_and_beyond, nicolae_stop_n_shop_1, shop

Action                   |  1- 3 |  4- 6 || total
-------------------------+-------+-------++-------
Melee: Spear             |    91 |    37 ||   128
Evoke: Piece from Xom's  |     1 |       ||     1
  Use: Scroll            |     5 |     1 ||     6
       Potion            |     3 |     3 ||     6
 Stab: Confused          |     1 |       ||     1
Armor: Scale mail        |    58 |    16 ||    74
       Leather armour    |     2 |       ||     2
Dodge: Dodged            |    52 |     9 ||    61
